 Dungeon Crawl Stone Soup version 0.28.0-43-g3370ac3207 (webtiles) character file.

Game seed: 8198537620630892049

71 croobank the Skirmisher (level 4, -1/41 HPs)
             Began as a Minotaur Berserker on Mar 8, 2022.
             Was a Believer of Trog.
             Slain by Grinder (3 damage)
             ... on level 3 of the Dungeon.
             The game lasted 00:04:20 (2727 turns).

croobank the Skirmisher (Minotaur Berserker)        Turns: 2727, Time: 00:04:21

Health: -1/41      AC:  4    Str: 24    XL:     4   Next: 5%
Magic:  3/3        EV: 12    Int:  4    God:    Trog [**....]
Gold:   124        SH:  0    Dex:  9    Spells: 3/3 levels left

rFire   + . .      SeeInvis .   a - +0 hand axe
rCold   + . .      Faith    .   (no shield)
rNeg    . . .      Spirit   .   o - +0 leather armour
rPois   .          Reflect  .   (helmet restricted)
rElec   .          Harm     .   s - scarf {rC+ rF+}
rCorr   .          Rampage  .   (no gloves)
Will    .....                   n - +0 pair of boots
Stlth   +.........              (no amulet)
HPRegen 0.13/turn               (no ring)
MPRegen 0.08/turn               (no ring)

@: mighty
A: horns 2, retaliatory headbutt
a: Renounce Religion, Berserk, Trog's Hand


You were on level 3 of the Dungeon.
You worshipped Trog.
Trog was pleased with you.
You visited 1 branch of the dungeon, and saw 3 of its levels.

You collected 124 gold pieces.

Inventory:

Hand Weapons
 a - a +0 hand axe (weapon)
Missiles
 h - 40 sling bullets
 l - 24 bolts
Armour
 b - a +0 animal skin
 n - a +0 pair of boots (worn)
 o - a +0 leather armour (worn)
 s - a scarf of resistance (worn)
Jewellery
 j - an amulet of reflection
 p - a ring of ice
 q - a ring of fire
Scrolls
 d - a scroll of magic mapping
 f - 2 scrolls of teleportation {unknown}
 r - a scroll of silence {unknown}
 t - a scroll of identify {unknown}
Potions
 e - a potion of curing {unknown}
 g - a potion of heal wounds {unknown}
 i - a potion of ambrosia {unknown}
 k - a potion of haste {unknown}
 m - 4 potions of brilliance {unknown}


   Skills:
 + Level 4.3 Fighting
 + Level 4.3 Axes
 + Level 3.3 Armour
 + Level 3.0 Dodging


You had 3 spell levels left.
You didn't know any spells.
Your spell library was empty.

Dungeon Overview and Level Annotations

Branches:
Dungeon (3/15)

Altars:

Annotations:
D:3 Grinder


Innate Abilities, Weirdness & Mutations

You have a pair of horns on your head.
You reflexively headbutt those who attack you in melee.


Message History

You now have 124 gold pieces (gained 10).
Found a stone staircase leading down.
A giant cockroach comes into view.
The giant cockroach bites you.
You closely miss the giant cockroach. You headbutt the giant cockroach.
You kill the giant cockroach!
Trog accepts your kill.
Grinder comes into view.
Grinder shouts!
Grinder gestures at you. Pain shoots through your body!
Grinder says, "Mostly I couldn't keep them alive."
You hit Grinder.
Grinder is lightly wounded.
Grinder hits you but does no damage.
You closely miss Grinder. Your headbutt misses Grinder.
Grinder is lightly wounded.
Grinder gestures at you.
You suddenly lose the ability to move!
Grinder says, "Wait up."
Grinder hits you.
You writhe in agony.
Grinder hits you but does no damage. Grinder gestures at you.
Pain shoots through your body! Grinder hits you but does no damage.
Grinder gestures at you. Pain shoots through your body!
You can move again.
You barely miss Grinder. Grinder hits you.
You writhe in agony.
You hit Grinder but do no damage. Grinder barely misses you.
As you read the scroll labelled LYMEMU TIOP, it crumbles to dust.
You feel aware of your surroundings.
It was a scroll of magic mapping.
Grinder hits you.
You writhe in agony.
* * * LOW HITPOINT WARNING * * *
It was a potion of might.
You feel very mighty all of a sudden. Grinder hits you.
* * * LOW HITPOINT WARNING * * *
You writhe in agony.
You die...

*,* #.########.#.#####
*,* #.#...............
*,* #.#.#######..#####
*>* #.#.....# #..# *,*
#.#...#.# #..# *,*
#.#.#.#.# ##.##
*******,* #.#.#.#.# #..#
,,,,,,,,* #.#.#.#.# #..#
********* #@#.#.#.#
##.## #5#.#.#.# #..#
#.#.#.#.# ##.##
#.#.#.#.# #..# #.#.#.#.#
##.## #.#.#.#.# #..#
#.#.#.#.# ##.#
***************#.#.#.#.#
#..
*,,,,,,,,,,,,,,,,#.....#
#..


You could see Grinder.

Vanquished Creatures
  3 adders
  4 bats
  7 endoplasms
  4 giant cockroaches
  6 goblins
  3 hobgoblins (D:1)
  2 quokkas
  4 frilled lizards
  5 kobolds
  4 rats
42 creatures vanquished.

Notes
Turn   | Place    | Note
-------+----------+-------------------------------------------
     0 | D:1      | croobank the Minotaur Berserker began the quest for the
                  | Orb.
     0 | D:1      | Reached XP level 1. HP: 19/19 MP: 0/0
    35 | D:1      | Found a faded altar of an unknown god.
   354 | D:1      | Reached XP level 2. HP: 23/27 MP: 1/1
  1292 | D:2      | Reached XP level 3. HP: 16/33 MP: 2/2
  1592 | D:2      | Reached ** piety under Trog
  2494 | D:3      | Reached XP level 4. HP: 41/41 MP: 3/3
  2714 | D:3      | Noticed Grinder
  2719 | D:3      | Paralysed by Grinder for 5 turns
  2727 | D:3      | HP: 2/41 [Grinder (6)]
  2727 | D:3      | Slain by Grinder

Illustrated notes

Levels and vault maps discovered:
D:1:      dpeg_arrival_subterranean_lakeside_camping, layout_basic,
          basic_ecumenical_altar, minmay_hedge_maze, minmay_surrounded
D:2:      layout_loops_ring, grunt_ministairs_15
D:3:      layout_basic, chequers_serial_rivers_small_b, uniq_grinder,
          uniq_jessica

Skill      XL: |  1  2  3 |
---------------+----------+-----
Axes           | 4 |  4.3
Fighting       | 4 |  4.3
Armour         | 3 |  3.3
Dodging        | 3 |  3.0

Action                   |  1- 3 |  4- 6 || total
-------------------------+-------+-------++-------
Melee: Hand axe          |   108 |     8 ||   116
       Headbutt          |    14 |     1 ||    15
       Punch             |     2 |       ||     2
  Use: Scroll            |       |     1 ||     1
       Potion            |       |     1 ||     1
Armor: Animal skin       |    15 |       ||    15
       Leather armour    |     6 |     3 ||     9
Dodge: Dodged            |    56 |     1 ||    57
